 Dungeon Crawl Stone Soup version 0.26-a0-812-g31a745ddcd (webtiles) character file.

Game seed: 1801809570593262258

2 vurker the Gusty (level 1, 10/10 HPs)
             Began as a Tengu Air Elementalist on Nov 26, 2020.
             Quit the game on level 1 of the Dungeon.
             The game lasted 00:00:19 (178 turns).

vurker the Gusty (Tengu Air Elementalist)            Turns: 178, Time: 00:00:21

Health: 10/10      AC:  2    Str:  8    XL:     1   Next: 40%
Magic:  4/4        EV: 12    Int: 15    God:
Gold:   8          SH:  0    Dex: 14    Spells: 3/4 levels left

rFire    . . .     SeeInvis .   (no weapon)
rCold    . . .     Faith    .   (no shield)
rNeg     . . .     Spirit   .   a - +0 robe
rPois    .         Reflect  .   (helmet restricted)
rElec    .         Harm     .   (no cloak)
rCorr    .         Rampage  .   (no gloves)
MR       .....                  (boots unavailable)
Stlth    ++........             (no amulet)
HPRegen  0.03/turn              (no ring)
MPRegen  0.09/turn              (no ring)

@: no status effects
A: beak, talons 3
a: no special abilities


You were on level 1 of the Dungeon.
You visited 1 branch of the dungeon, and saw 1 of its levels.

You collected 8 gold pieces.

Inventory:

Armour
 a - a +0 robe (worn)
Potions
 b - a potion of might {unknown}


   Skills:
 + Level 0.1 Fighting
 - Level 2.1 Dodging
 - Level 2.0 Stealth
 * Level 2.0 Spellcasting
 + Level 1.5 Conjurations
 * Level 4.1 Air Magic


You had 3 spell levels left.
You knew the following spells:

 Your Spells              Type           Power        Failure   Level
a - Shock                 Conj/Air       #...         7%          1

Your spell library contained the following spells:

 Spells                   Type           Power        Failure   Level
 Swiftness                Air            ##......     6%          2
 Static Discharge         Conj/Air       #.......     22%         3
 Airstrike                Air            ##........   38%         4
 Lightning Bolt           Conj/Air       #.........   89%         5


Dungeon Overview and Level Annotations

Branches:
Dungeon (1/15)

Altars:


Innate Abilities, Weirdness & Mutations

You have a beak for a mouth.
You have claws for feet.


Message History

Welcome, vurker the Tengu Air Elementalist.
The bosom of this dungeon contains the legendary artefact, the Orb of Zot.
Found a staircase leading out of the dungeon.
Found 8 gold pieces.
You now have 8 gold pieces.
Found a stone staircase leading down.
A kobold comes into view.
There is a stone staircase leading down here. (m)acro, (M)acro raw, keymap [(k) default, (x) level-map, (t)argeting, (c)onfirm, m(e)nu], (s)ave?
Input macro trigger key: 1 Current Action: za Do you wish to (r)edefine, (c)lear, or (a)bort?
Input macro action: zaf Created macro '1' => 'zaf'.
Aim: a kobold (asleep)
The zap hits the kobold.
You kill the kobold!
You can't see any susceptible monsters within range! (Use Z to cast anyway.)
You can't see any susceptible monsters within range! (Use Z to cast anyway.)
A goblin comes into view. It is wielding a +0 dagger.
Found a red potion.
Aim: a goblin, wielding a +0 dagger (asleep)
The zap hits the goblin.
The goblin shouts!
You can't see any susceptible monsters within range! (Use Z to cast anyway.)
You can't see any susceptible monsters within range! (Use Z to cast anyway.)
A goblin is nearby!
Aim: a goblin, wielding a +0 dagger (severely wounded)
The zap misses the goblin.
The goblin hits you with a +0 dagger.
Aim: a goblin, wielding a +0 dagger (severely wounded)
The zap hits the goblin.
You kill the goblin!
Things that are here:
a +0 dagger; a goblin corpse
b - a red potion

# ### #.#..
#.#.#########
#...........#
#######.......#
.......>##)...#
#######.#@....#
#.#.....#
#.#.....#
#.#.....#
#.#.....#
#.#.....#
#.#######.
#.........
#.########


There were no monsters in sight!

Vanquished Creatures
  A goblin (D:1)
  A kobold (D:1)
2 creatures vanquished.

Notes
Turn   | Place    | Note
-------+----------+-------------------------------------------
     0 | D:1      | vurker the Tengu Air Elementalist began the quest for the
                  | Orb.
     0 | D:1      | Reached XP level 1. HP: 10/10 MP: 4/4
   178 | D:1      | Quit the game

Illustrated notes

Levels and vault maps discovered:
D:1:      eino_arrival_druids_welcome, layout_basic

Action                   || total
-------------------------++-------
 Cast: Shock             ||     4

Table legend: (Time is in decaauts)
 A = Elapsed time spent in this place.
 B = Non-inter-level travel time spent in this place.
 C = Inter-level travel time spent in this place.
 D = Time resting spent in this place.
 E = Time spent auto-exploring this place.
 F = Levels seen in this place.
 G = Mean time per level.
                   A        B        C        D        E       F      G
               +--------+--------+--------+--------+--------+-----+--------+
         Total |    178 |    178 |      0 |      0 |    165 |   1 |  178.0 |
       Dungeon |    178 |    178 |      0 |      0 |    165 |   1 |  178.0 |
               +--------+--------+--------+--------+--------+-----+--------+

Top non-repeatable levels by time:
     D:1: 178 daAuts
